 Dungeon Crawl Stone Soup version 0.29.1-15-g9cfb28693d (webtiles) character file.

Game seed: 8500968999190163036

573 EarthwalkerPL the Chopper (level 7, -8/61 HPs)
             Began as a Minotaur Fighter on Mar 25, 2023.
             Mangled by Duvessa
             ... wielding a +0 rapier
              (13 damage)
             ... on level 5 of the Dungeon.
             The game lasted 00:04:31 (3293 turns).

EarthwalkerPL the Chopper (Minotaur Fighter)        Turns: 3293, Time: 00:04:31

Health: -8/61      AC: 21    Str: 22    XL:     7   Next: 12%
Magic:  6/6        EV:  7    Int:  5    God:
Gold:   197        SH:  5    Dex: 10    Spells: 6/6 levels left

rFire   . . .      SeeInvis +   a - +0 war axe
rCold   x . .      Faith    .   c - +0 buckler
rNeg    . . .      Spirit   .   s - +8 chain mail of Defiance {Rampage rC- SInv}
rPois   .          Reflect  .   (helmet restricted)
rElec   .          Harm     .   w - +2 cloak
rCorr   .          Rampage  +   (no gloves)
Will    .....                   (no boots)
Stlth   ..........              i - amulet of the acrobat
HPRegen 0.20/turn               (no ring)
MPRegen 0.10/turn               (no ring)

@: no status effects
A: horns 2, retaliatory headbutt
a: no special abilities


You were on level 5 of the Dungeon.
You visited 1 branch of the dungeon, and saw 5 of its levels.

You collected 197 gold pieces.

Inventory:

Hand Weapons
 a - a +0 war axe (weapon)
Missiles
 o - 3 poisoned darts (quivered)
 u - a throwing net
Armour
 b - a +0 scale mail
 c - a +0 buckler (worn)
 n - the +1 leather armour of the Moon {Fly rElec rC+ MP+9}
   (You found it on level 2 of the Dungeon)

   rC:        It protects you from cold.
   rElec:     It insulates you from electricity.
   MP:        It affects your magic capacity (+9).
   Fly:       It grants you flight.
 p - a +0 kite shield
 s - the +8 chain mail of Defiance (worn) {Rampage rC- SInv}
   (You found it on level 3 of the Dungeon)

   rC:        It makes you vulnerable to cold.
   SInv:      It lets you see invisible.
   Rampage:   It bestows one free step when moving towards enemies.
 w - a +2 cloak (worn)
Jewellery
 i - an amulet of the acrobat (around neck)
Wands
 q - a wand of charming (8)
 v - a wand of polymorph (4)
Scrolls
 e - 4 scrolls of identify {unknown}
 g - 4 scrolls of teleportation {unknown}
 j - a scroll of poison {unknown}
 m - a scroll of enchant armour {unknown}
 r - a scroll of fear {unknown}
 t - a scroll of torment {unknown}
 x - a scroll of magic mapping {unknown}
Potions
 d - a potion of might
 f - 3 potions of heal wounds {unknown}
 h - a potion of lignification {unknown}
 k - 2 potions of brilliance {unknown}
 l - 3 potions of mutation {unknown}


   Skills:
 + Level 5.4 Fighting
 * Level 6.2 Axes
 + Level 5.4 Armour
 + Level 5.4 Shields


You had 6 spell levels left.
You didn't know any spells.
Your spell library contained the following spells:

 Spells                   Type           Power      Damage    Failure   Level
 Static Discharge         Conj/Air       0%         3-3/arc   100%        2
 Conjure Flame            Conj/Fire      0%         6-21      100%        3
 Ignite Poison            Fire/Tmut/Pois 0%         N/A       100%        3
 Dispel Undead            Necr           0%         3d6       100%        4
 Sticky Flame             Conj/Fire      0%         2d3       100%        4
 Malign Gateway           Summ/Tloc      0%         N/A       100%        7
 Summon Horrible Things   Summ           0%         N/A       100%        8


Dungeon Overview and Level Annotations

Branches:
Dungeon (5/15)
 Temple: D:4-7

Altars:
Elyvilon
Nemelex Xobeh
Qazlal
Vehumet
Zin
The Shining One

Annotations:
D:5 Duvessa


Innate Abilities, Weirdness & Mutations

You have a pair of horns on your head.
You reflexively headbutt those who attack you in melee.


Message History

You block Duvessa's attack. Dowan barely misses you.
You slash Dowan! You headbutt Dowan.
Dowan is almost dead.
You barely miss Duvessa. Duvessa hits you but does no damage.
Dowan hits you with a +0 dagger. Duvessa hits you but does no damage.
You hit Dowan. Your headbutt misses Dowan.
Dowan is almost dead.
You barely miss Duvessa. Duvessa hits you with a +0 rapier.
Dowan points at you and mumbles some strange words.
The puff of frost hits you!
You feel a terrible chill! You block Duvessa's attack.
You closely miss Dowan. Your headbutt misses Dowan.
Dowan is almost dead.
You hit Duvessa.
Dowan smirks and points a slender finger.
Dowan hits you but does no damage. Duvessa hits you but does no damage.
You block Dowan's attack.
Unknown command.
You hit Dowan.
You kill Dowan!
Duvessa weeps, and shakes her weapon.
Duvessa goes berserk!
You barely miss Duvessa. Duvessa hits you but does no damage.
Duvessa hits you with a +0 rapier!
Unknown command.
You are too injured to fight recklessly!
You hit Duvessa.
Duvessa is heavily wounded.
Duvessa closely misses you. Duvessa hits you but does no damage.
You hit Duvessa but do no damage.
Duvessa is heavily wounded.
Duvessa hits you but does no damage. x2
You closely miss Duvessa. You headbutt Duvessa!
Duvessa is heavily wounded.
Duvessa hits you with a +0 rapier. x2
You slash Duvessa! You headbutt Duvessa!
Duvessa is almost dead.
Duvessa hits you with a +0 rapier!
* * * LOW HITPOINT WARNING * * *
Duvessa hits you with a +0 rapier!
You die...

#. #. ..... #.#
#. .....
...##.###.....
#.#...?......
#$...........
#.........#
#.>.e.....#
#...)@....#
...............
..#............
##..........#
..........###
...........#
..#..........
..........!.##


You could see Duvessa (berserk, fast).

Vanquished Creatures
  3 scorpions (D:4)
  Dowan (D:5)
  2 hounds (D:4)
  A jelly (D:4)
  An iguana (D:4)
  Natasha (twice) (D:3)
  3 gnolls (D:3)
  6 adders
  6 worms
  4 dart slugs
  4 orcs
  7 endoplasms
  A giant cockroach (D:1)
  5 goblins
  8 hobgoblins
  3 jackals (D:4)
  A quokka (D:3)
  7 ball pythons
  6 bats
  A frilled lizard (D:3)
  5 kobolds
  5 rats
82 creatures vanquished.

Notes
Turn   | Place    | Note
-------+----------+-------------------------------------------
     0 | D:1      | EarthwalkerPL the Minotaur Fighter began the quest for the
                  | Orb.
     0 | D:1      | Reached XP level 1. HP: 19/19 MP: 0/0
   244 | D:1      | Reached XP level 2. HP: 27/27 MP: 1/1
   366 | D:1      | Reached skill level 3 in Axes
   447 | D:1      | Found a faded altar of an unknown god.
   839 | D:2      | Reached XP level 3. HP: 29/33 MP: 2/2
   914 | D:2      | Identified the +1 leather armour of the Moon {Fly rElec rC+
                  | MP+9}
  1459 | D:3      | Identified the +8 chain mail of Defiance {Rampage rC- SInv}
  1492 | D:3      | Reached XP level 4. HP: 40/40 MP: 3/3
  1616 | D:3      | Reached skill level 4 in Axes
  1805 | D:3      | Noticed Natasha
  1811 | D:3      | Killed Natasha
  2065 | D:3      | Noticed Natasha
  2069 | D:3      | Killed Natasha
  2070 | D:3      | Reached XP level 5. HP: 47/47 MP: 4/4
  2237 | D:4      | Reached skill level 5 in Axes
  2587 | D:4      | Reached skill level 5 in Fighting
  2587 | D:4      | Reached skill level 5 in Armour
  2587 | D:4      | Reached XP level 6. HP: 56/56 MP: 5/5
  2619 | D:4      | Reached skill level 5 in Shields
  2678 | D:4      | Found a stormy altar of Qazlal.
  2680 | D:4      | Found a sparkling altar of Nemelex Xobeh.
  2853 | D:4      | Found a glowing silver altar of Zin.
  2854 | D:4      | Found a white marble altar of Elyvilon.
  2854 | D:4      | Found a glowing golden altar of the Shining One.
  2875 | D:4      | Found a radiant altar of Vehumet.
  2994 | D:4      | Reached skill level 6 in Axes
  3260 | D:5      | Entered Level 5 of the Dungeon
  3260 | D:5      | Noticed Dowan
  3263 | D:5      | Noticed Duvessa
  3270 | D:4      | Reached XP level 7. HP: 61/61 MP: 6/6
  3289 | D:5      | Killed Dowan
  3293 | D:5      | Mangled by Duvessa

Illustrated notes

Levels and vault maps discovered:
D:1:      minmay_arrival_diagonal_passages, layout_rooms,
          hellmonk_ecumenical_altar_inner_sanctum, minmay_box_of_dots
D:2:      layout_rooms
D:3:      kennysheep_six_static_rooms, layout_basic, serial_corexii_hall,
          corexii_hall_statues_u, corexii_hall_statues_l,
          corexii_hall_statues_t, uniq_natasha
D:4:      layout_gridville, dreamdust_divine_triumvirate, fiery_altar_vehumet,
          mainiacjoe_overflow_divided_tiny
D:5:      layout_rooms, lemuel_mausoleum_altar_kikubaaqudgha, uniq_duvessa

Skill      XL: |  1  2  3  4  5  6 |
---------------+-------------------+-----
Axes           | 3 4 5 6 |  6.2
Armour         | 4 5 |  5.4
Fighting       | 4 5 |  5.4
Shields        | 4 5 |  5.4

Action                   |  1- 3 |  4- 6 |  7- 9 || total
-------------------------+-------+-------+-------++-------
Melee: War axe           |    58 |   138 |    15 ||   211
       Headbutt          |     7 |    18 |     3 ||    28
Armor: Scale mail        |    17 |       |       ||    17
       Chain mail        |     2 |    73 |    20 ||    95
Dodge: Dodged            |    29 |    56 |     6 ||    91
Block: Buckler           |    11 |    28 |     5 ||    44
